 Dungeon Crawl Stone Soup version 0.22.1-1-ga44c0e5 (webtiles) character file.

65 Lavandula the Chopper (level 3, 0/46 HPs)
             Began as a Centaur Berserker on Sept 27, 2018.
             Was a Believer of Trog.
             Killed by nerve-wracking pain
             ... invoked by an orc priest
              (10 damage)
             ... on level 4 of the Dungeon.
             The game lasted 00:03:34 (810 turns).

Lavandula the Chopper (Centaur Berserker)            Turns: 810, Time: 00:03:35

Health: 0/46       AC:  5    Str: 25    XL:     3   Next: 94%
Magic:  3/3        EV:  9    Int:  6    God:    Trog [**....]
Gold:   55         SH:  0    Dex:  8    Spells: 2/2 levels left

rFire    . . .     SeeInvis .   i - +0 war axe
rCold    . . .     Gourm    .   (no shield)
rNeg     . . .     Faith    .   f - +0 ring mail
rPois    .         Spirit   .   (no helmet)
rElec    .         Reflect  .   (no cloak)
rCorr    .         Harm     .   (no gloves)
MR       .....                  (no barding)
Stlth    ..........             (no amulet)
HPRegen  0.15/turn              (no ring)
MPRegen  0.08/turn              (no ring)

@: berserking, very quick
A: large, hooves 3, deformed body, speed 2, tough skin 3
a: Berserk, Trog's Hand, Renounce Religion


You were on level 4 of the Dungeon.
You worshipped Trog.
Trog was pleased with you.
You were hungry.

You visited 1 branch of the dungeon, and saw 4 of its levels.

You collected 55 gold pieces.

Inventory:

Hand Weapons
 a - a +0 hand axe
 i - a +0 war axe (weapon)
Missiles
 g - 5 javelins (quivered)
 o - 11 poisoned needles
Armour
 b - a +0 animal skin
 f - a +0 ring mail (worn)
Wands
 q - a wand of acid (9)
Scrolls
 e - a scroll of blinking {unknown}
 h - 2 scrolls of remove curse {unknown}
 k - a scroll of enchant weapon {unknown}
 l - a scroll of teleportation {unknown}
Potions
 d - a potion of curing {unknown}
 j - a potion of heal wounds {unknown}
 m - 3 potions of haste {unknown}
 n - a potion of flight {unknown}
Comestibles
 c - 3 rations
 p - a chunk of flesh


   Skills:
 - Level 3.0 Fighting
 + Level 4.4 Axes
 - Level 1.3 Armour
 - Level 1.3 Dodging


You had 2 spell levels left.
You didn't know any spells.
Your spell library contained the following spells:

 Spells                   Type           Power        Failure   Level  Hunger
 Summon Small Mammal      Summ           #...         58%         1    ##.....
 Call Imp                 Summ           #.......     75%         2    ###....
 Call Canine Familiar     Summ           #.......     92%         3    ####...
 Summon Guardian Golem    Hex/Summ       #.......     92%         3    ####...
 Summon Ice Beast         Ice/Summ       #.......     100%        4    #####..
 Summon Lightning Spire   Summ/Air       #.......     100%        4    #####..


Dungeon Overview and Level Annotations

Branches:
Dungeon (4/15)
 Temple: D:4-7

Altars:
Gozag
Hepliaklqana


Innate Abilities, Weirdness & Mutations

You have hooves in place of feet.
Armour fits poorly on your strangely shaped body.
You cover ground very quickly.
You have extremely tough skin. (AC +3)


Message History

The orc shouts!
The orc priest shouts!
The orc shouts!
A red film seems to cover your vision as you go berserk!
You feel yourself moving faster!
You feel mighty!
You are feeling hungry.
Unknown command.
You barely miss the orc. You kick the orc!
You kill the orc!
Trog accepts your kill.
You closely miss the orc. The orc hits you but does no damage.
You slash the orc!
You kill the orc!
Trog accepts your kill.
The orc priest looks encouraged for a moment.
The iguana bites you!
* * * LOW HITPOINT WARNING * * *
You see here an orc corpse.
You closely miss the orc priest. You hit the iguana.
The orc priest invokes the aid of Beogh against you.
Pain shoots through your body!
You die...

#.###.########
#. #.# ## #.#
#. #.# #####.
#.# ......##.#
.......#.#
......l#.#
......o@)# ..#
#######..# #.#
#.... #.#
#...## #.#
#...### #.#
#......##.##
#.>###.....#
##.# #..#..#
#..<###


You could see an iguana and an orc priest.

Vanquished Creatures
  2 adders
  A worm (D:4)
  2 leopard geckos (D:3)
  3 orcs
  2 bats (D:1)
  3 giant cockroaches
  4 goblins
  2 hobgoblins
  4 jackals
  4 kobolds
  2 quokkas
  2 frilled lizards
  5 rats
36 creatures vanquished.

Notes
Turn   | Place    | Note
-------+----------+-------------------------------------------
     0 | D:1      | Lavandula the Centaur Berserker began the quest for the
                  | Orb.
     0 | D:1      | Reached XP level 1. HP: 19/19 MP: 1/1
    52 | D:1      | Reached skill level 3 in Axes
   119 | D:1      | Reached XP level 2. HP: 12/26 MP: 2/2
   285 | D:2      | Reached XP level 3. HP: 23/31 MP: 3/3
   361 | D:3      | Reached ** piety under Trog
   362 | D:3      | Reached skill level 4 in Axes
   568 | D:2      | Found an opulent altar of Gozag.
   568 | D:2      | Found a hazy altar of Hepliaklqana.
   810 | D:4      | Killed from afar by an orc priest

Skill      XL: |  1  2  3 |
---------------+----------+-----
Axes           | 3 4 |  4.4
Fighting       | |  3.0
Armour         | |  1.3
Dodging        | |  1.3

Action                   || total
-------------------------++-------
Melee: Hand axe          ||    57
       Kick              ||    17
       War axe           ||    24
Invok: Berserk           ||     4
  Eat: Chunk             ||     2
Armor: Animal skin       ||    11
       Ring mail         ||    20
Dodge: Dodged            ||    22
